 Dungeon Crawl Stone Soup version 0.23.2-1-ga50397a6bc (webtiles) character file.

Game seed: 9246310885775255209

93 Marnok the Skirmisher (level 4, -3/37 HPs)
             Began as a Demonspawn Abyssal Knight on Apr 21, 2019.
             Was a Follower of Lugonu.
             Slain by a gnoll
             ... wielding a +0 whip of venom
              (8 damage)
             ... on level 2 of the Dungeon.
             The game lasted 00:03:15 (1311 turns).

Marnok the Skirmisher (Demonspawn Abyssal Knight)   Turns: 1311, Time: 00:03:15

Health: -3/37      AC:  3    Str: 12    XL:     4   Next: 37%
Magic:  1/6        EV: 12    Int: 13    God:    Lugonu [*.....]
Gold:   129        SH:  0    Dex: 14    Spells: 3/4 levels left

rFire    . . .     SeeInvis .   a - +1 hand axe
rCold    . . .     Gourm    .   (no shield)
rNeg     . . .     Faith    .   b - +0 leather armour
rPois    .         Spirit   .   (helmet restricted)
rElec    .         Reflect  .   (no cloak)
rCorr    .         Harm     .   (no gloves)
MR       .....                  (no boots)
Stlth    +.........             (no amulet)
HPRegen  0.12/turn              (no ring)
MPRegen  0.10/turn              (no ring)

@: lethally poisoned (-3 -> -14)
A: horns 1
a: Depart the Abyss, Renounce Religion


You were on level 2 of the Dungeon.
You worshipped Lugonu.
Lugonu was aware of your devotion.
You were not hungry.

You visited 1 branch of the dungeon, and saw 2 of its levels.
You visited the Abyss 1 time.

You collected 129 gold pieces.

Inventory:

Hand Weapons
 a - a +1 hand axe (weapon)
Armour
 b - a +0 leather armour (worn)
Jewellery
 h - an uncursed ring of see invisible {unknown}
 n - a +4 amulet of reflection {unknown}
Wands
 l - a wand of random effects (21)
Scrolls
 d - 3 scrolls of identify {unknown}
 e - a scroll of noise {unknown}
 f - a scroll of amnesia {unknown}
 g - 2 scrolls of teleportation {unknown}
 m - a scroll of enchant armour {unknown}
Potions
 i - a potion of agility
Comestibles
 c - 2 rations
 j - 2 chunks of flesh


   Skills:
 + Level 3.7 Fighting
 + Level 2.9 Axes
 + Level 2.0 Armour
 + Level 1.5 Dodging
 + Level 0.2 Stealth
 + Level 0.5 Spellcasting
 + Level 2.7 Invocations


You had 3 spell levels left.
You knew the following spells:

 Your Spells              Type           Power        Failure   Level  Hunger
a - Infusion              Chrm           #...         36%         1    ##.....

Your spell library contained the following spells:

 Spells                   Type           Power        Failure   Level  Hunger


Dungeon Overview and Level Annotations

Branches:
Dungeon (2/15)

Altars:
Cheibriados


Innate Abilities, Weirdness & Mutations

You have a pair of small horns on your head.


Message History

The gnoll is severely wounded.
You feel sick.
The gnoll hits you with a +0 whip of venom.
* * * LOW HITPOINT WARNING * * *
You are lethally poisoned!
You hit the gnoll but do no damage.
The gnoll is severely wounded.
You are no longer magically infusing your attacks.
* * * LOW HITPOINT WARNING * * *
You feel sick. The gnoll closely misses you. The gnoll barely misses you.
You hit the gnoll but do no damage.
The gnoll is severely wounded.
* * * LOW HITPOINT WARNING * * *
You feel sick. The gnoll misses you.
You completely miss the gnoll.
The gnoll is severely wounded.
* * * LOW HITPOINT WARNING * * *
You feel sick.
The gnoll hits you with a +0 whip of venom!
You die...

#.# #.. #.# #.. #.#
#.. #####.# #..
#.....# #.. #. #..#
#..
#.##..###########..
#.@gg>..........'..
####g############..
#....# ##. #....#
#. #gg..+ #. ##...#
#. ....g. #.
#.[...) #.
#........ #.


You could see 2 gnolls and a hobgoblin.

Vanquished Creatures
  Jessica (D:2)
  A gnoll (D:2)
  2 adders (D:2)
  3 dart slugs
  A ball python (D:1)
  A giant cockroach (D:2)
  4 goblins
  2 hobgoblins
  2 jackals (D:1)
  2 quokkas (D:2)
  6 bats
  3 frilled lizards
  4 kobolds (D:1)
  3 rats
35 creatures vanquished.

Notes
Turn   | Place    | Note
-------+----------+-------------------------------------------
     0 | Abyss:1  | Marnok the Demonspawn Abyssal Knight began the quest for
                  | the Orb.
     0 | Abyss:1  | Reached XP level 1. HP: 18/18 MP: 2/2
   112 | Abyss:1  | Noticed a large abomination
   113 | D:1      | Escaped the Abyss
   333 | D:1      | Gained mutation: You have a pair of small horns on your
                  | head. [demonic ancestry]
   333 | D:1      | Reached XP level 2. HP: 23/24 MP: 3/3
   447 | D:1      | Reached skill level 1 in Dodging
   577 | D:1      | Found a snail-covered altar of Cheibriados.
   763 | D:2      | Reached XP level 3. HP: 8/29 MP: 3/5
  1063 | D:2      | Reached * piety under Lugonu
  1214 | D:2      | Noticed Jessica
  1222 | D:2      | Killed Jessica
  1222 | D:2      | Reached XP level 4. HP: 19/37 MP: 6/6
  1236 | D:2      | Identified Jessica's Collected Works on Aid
  1240 | D:2      | Learned a level 1 spell: Infusion
  1311 | D:2      | Slain by a gnoll

Skill      XL: |  1  2  3 |
---------------+----------+-----
Dodging        | 1 |  1.5
Axes           | 2 |  2.9
Armour         | 2 |  2.0
Fighting       | |  3.7
Stealth        | |  0.2
Spellcasting   | |  0.5
Invocations    | |  2.7

Action                   |  1- 3 |  4- 6 || total
-------------------------+-------+-------++-------
Melee: Hand axe          |    70 |    11 ||    81
       Headbutt          |     9 |     2 ||    11
 Cast: Infusion          |       |     2 ||     2
Invok: Depart the Abyss  |     1 |       ||     1
  Use: Potion            |     2 |     1 ||     3
 Stab: Sleeping          |     1 |       ||     1
  Eat: Chunk             |     1 |       ||     1
Armor: Leather armour    |    29 |       ||    29
Dodge: Dodged            |    64 |     9 ||    73
